AoeStats
← 妙手回春

Nomad

505590692Analyzed
4v4 RM · 22d ago on Sep 10, 2026· 61m 59s· 8 players
Game mode
Random Map
Map size
231×231
Population
200
Speed
Normal
Resources
Standard
Victory
Conquest
Starting age
Dark Age
Ending age
Imperial Age
RankedLock teamsTeams togetherTeam positionsShared explorationLock speedFull tech treeHidden civsTurbo modeCheats
Victory
Defeat
🇵🇪 Tatars · Peru
1443
+12
🇲🇽 Inca · Mexico
1426
+13
🇳🇿 Italians · New Zealand
1425
+13
1385
+15
🇨🇳 Spanish · China
1413
-16
🇨🇳 Italians · China
1385
-14
🇨🇳 Mongols · China
1323
-12
🇮🇳 Bengalis · India
1314
-11
仙逆许木
13:53 Feudal Age
12:10 Loom
17:26 Castle Age
15:33 Double-Bit Axe
18:31 Horse Collar
23:10 Town Watch
23:28 Padded Archer Armor
23:17 Loom
27:17 Leather Archer Armor
30:10 Wheelbarrow
31:22 Bow Saw
34:58 Hand Cart
35:41 Heavy Plow
35:34 Gold Mining
38:17 Husbandry
40:50 Imperial Age
40:03 Scale Barding Armor
40:08 Forging
40:33 Bloodlines
41:27 Chain Barding Armor
41:03 Cavalier
42:57 Conscription
44:15 Ring Archer Armor
44:33 Fletching
45:36 Bodkin Arrow
49:22 Plate Barding Armor
49:22 Iron Casting
52:15 Bracer
53:16 Blast Furnace
52:03 Light Cavalry
52:11 Elite Skirmisher
52:56 Thumb Ring
53:14 Paladin
53:27 Hussar
57:03 Paladin
58:55 Chemistry
58:16 Ballistics
肥肥猫
11:45 Loom
14:21 Feudal Age
18:09 Castle Age
16:10 Double-Bit Axe
18:28 Fletching
25:32 Padded Archer Armor
28:16 Bow Saw
28:55 Horse Collar
30:59 Ballistics
31:07 Heavy Plow
31:48 Bodkin Arrow
32:47 Stone Mining
33:35 Wheelbarrow
33:43 Bloodlines
35:06 Gold Mining
35:38 Leather Archer Armor
39:13 Imperial Age
37:18 Husbandry
38:09 Hand Cart
37:39 Town Watch
39:52 Gold Shaft Mining
40:24 Scale Mail Armor
40:35 Forging
39:58 Capped Ram
40:58 Bracer
42:02 Chemistry
41:09 Siege Ram
43:07 Squires
42:52 Arson
45:38 Conscription
45:56 Chain Mail Armor
46:16 Iron Casting
46:50 Onager
47:50 Elite Mangudai
52:31 Plate Mail Armor
52:43 Drill
53:03 Siege Onager
60:23 Light Cavalry
61:11 Scale Barding Armor
62:07 Blast Furnace
61:08 Hussar
NUR
5:54 Loom
14:17 Feudal Age
15:14 Double-Bit Axe
17:53 Forging
18:20 Horse Collar
22:43 Castle Age
22:48 Gold Mining
23:43 Wheelbarrow
23:55 Bow Saw
24:57 Scale Barding Armor
25:30 Iron Casting
25:50 Heavy Plow
27:20 Bloodlines
27:11 Husbandry
28:02 Husbandry
28:38 Scale Barding Armor
30:42 Chain Barding Armor
30:26 Town Watch
34:13 Devotion
36:13 Hand Cart
36:05 Stone Mining
36:08 Gold Mining
42:00 Imperial Age
41:40 Fletching
42:22 Paiks
44:05 Blast Furnace
43:40 Plate Barding Armor
43:44 Elite Battle Elephant
45:07 Bodkin Arrow
47:21 Ballistics
50:55 Gold Shaft Mining
51:33 Crop Rotation
51:51 Masonry
52:07 Mahayana
52:27 Siege Elephant
53:23 Bracer
53:23 Padded Archer Armor
54:27 Chemistry
53:57 Architecture
53:03 Elite Skirmisher
53:50 Padded Archer Armor
57:52 Conscription
58:32 Leather Archer Armor
58:48 Stone Mining
妙手回春
5:19 Loom
13:22 Feudal Age
18:08 Castle Age
16:35 Double-Bit Axe
18:05 Fishing Lines
20:27 Bow Saw
21:45 Medium Warships
31:37 Imperial Age
31:55 Fletching
32:07 Padded Archer Armor
33:40 Wheelbarrow
37:05 Chemistry
37:28 Ballistics
38:36 Bodkin Arrow
38:56 Leather Archer Armor
40:57 Bracer
44:45 Hand Cart
44:25 Gold Mining
44:25 Stone Mining
46:05 Elite Skirmisher
51:43 Hoardings
52:17 Masonry
52:01 Elite Genoese Crossbowman
[DH]Misratronic
9:56 Loom
12:18 Feudal Age
13:10 Double-Bit Axe
15:11 Scale Mail Armor
17:29 Castle Age
15:50 Champi Runner
17:56 Fletching
18:59 Padded Archer Armor
18:52 Elite Skirmisher
20:30 Bodkin Arrow
21:59 Ballistics
24:03 Leather Archer Armor
25:21 Horse Collar
29:46 Wheelbarrow
28:57 Town Watch
29:04 Gold Mining
30:00 Bow Saw
30:08 Heavy Plow
36:49 Imperial Age
33:42 Champi Runner
34:23 Squires
34:08 Arson
34:39 Chain Mail Armor
34:34 Forging
34:36 Champi Warrior
37:03 Hand Cart
38:12 Plate Mail Armor
38:11 Elite Champi Warrior
40:12 Iron Casting
43:00 Fabric Shields
43:20 Conscription
44:09 Bracer
46:53 Ring Archer Armor
47:59 Pikeman
48:41 Stone Mining
49:22 Crop Rotation
48:53 Guard Tower
50:03 Chemistry
50:05 Blast Furnace
49:09 Halberdier
52:20 Andean Sling
56:13 Keep
61:27 Arrowslits
61:53 Masonry
62:14 Thumb Ring
:) Regresa rocha moya
5:09 Loom
12:33 Feudal Age
13:07 Double-Bit Axe
19:30 Forging
19:11 Fletching
21:22 Wheelbarrow
20:32 Town Watch
26:52 Castle Age
29:21 Sanctity
32:38 Fishing Lines
32:56 Stone Mining
32:56 Gold Mining
34:24 Medium Warships
34:04 Gillnets
39:23 Imperial Age
37:10 Padded Archer Armor
37:56 Grand Trunk Road
38:39 Bow Saw
39:00 Elite Skirmisher
39:37 Bodkin Arrow
39:58 Leather Archer Armor
40:20 Bracer
41:16 Illumination
41:09 Block Printing
41:27 Block Printing
42:54 Chemistry
46:21 Gold Mining
47:06 Stone Shaft Mining
47:54 Gold Shaft Mining
47:40 Town Watch
48:56 Ring Archer Armor
50:55 Hand Cart
50:45 Shatagni
51:06 Conscription
51:09 Caravan
52:53 Siege Engineers
53:09 Ballistics
52:59 Masonry
53:53 Thumb Ring
56:27 Siege Elephant
59:06 Iron Casting
60:00 Scale Barding Armor
61:03 Blast Furnace
62:19 Chain Barding Armor
mmmbokchoi
10:48 Loom
11:14 Loom
13:12 Feudal Age
14:26 Double-Bit Axe
17:23 Castle Age
15:30 Gold Mining
16:55 Fishing Lines
18:18 Medium Warships
18:52 Bow Saw
20:35 Town Watch
21:49 Wheelbarrow
21:14 Gillnets
23:49 Forging
24:10 Horse Collar
25:24 Clinker Construction
25:29 Careening
26:02 Fletching
27:40 Hand Cart
28:03 Bodkin Arrow
28:29 Ballistics
32:29 Imperial Age
30:15 Padded Archer Armor
33:17 Bracer
33:10 Elite Genoese Crossbowman
34:57 Chemistry
34:13 Leather Archer Armor
35:24 Conscription
36:07 Ring Archer Armor
37:13 Pirotechnia
37:31 Thumb Ring
39:58 Coinage
40:25 Treadmill Crane
40:55 Masonry
41:37 Banking
51:42 Hoardings
56:12 Scale Barding Armor
56:42 Iron Casting
56:01 Light Cavalry
56:52 Bloodlines
56:42 Husbandry
57:28 Murder Holes
58:03 Architecture
57:55 Chain Barding Armor
56:58 Hussar
60:38 Plate Barding Armor
61:04 Blast Furnace
61:19 Horse Collar
63:20 Two-Man Saw
ACN_Mk
4:21 Loom
13:45 Feudal Age
15:15 Town Watch
18:46 Castle Age
16:50 Fletching
17:05 Double-Bit Axe
19:27 Bodkin Arrow
19:51 Bow Saw
21:29 Gold Mining
24:13 Gold Shaft Mining
25:34 Wheelbarrow
25:34 Padded Archer Armor
26:44 Leather Archer Armor
27:27 Bloodlines
27:17 Husbandry
29:05 Elite Skirmisher
30:08 Husbandry
30:56 Ballistics
31:36 Horse Collar
32:17 Heavy Plow
38:26 Imperial Age
37:46 Hand Cart
38:08 Masonry
38:56 Silk Armor
39:16 Bracer
39:24 Heavy Cavalry Archer
40:20 Bracer
41:28 Ring Archer Armor
42:22 Scale Barding Armor
44:04 Onager
45:25 Siege Engineers
46:22 Chemistry
44:54 Light Cavalry
50:40 Conscription
51:00 Gold Shaft Mining
52:19 Timurid Siegecraft
52:37 Chain Barding Armor
52:00 Treadmill Crane
52:16 Stone Mining
57:30 Crop Rotation
Connection lost

Rejoining the realm…

Still unreachable

The connection could not be restored.

Session expired

The server has moved on; the page needs a fresh start.